[Event "CCT Airthings Masters Play-In 2023"]
[Site "Online"]
[Date "2023.02.03"]
[Round "3"]
[White "GadimbayliA"]
[Black "SalgadoChess91"]
[Result "1-0"]
[ECO "C07"]
[WhiteElo "2629"]
[BlackElo "2506"]
[Annotator "NA"]
[PlyCount "55"]
[EventDate "2023.02.03"]
[EventType "swiss"]
[EventCountry "NET"]
[SourceTitle "playchess.com"]
[Source "ChessBase"]
[SourceQuality "1"]
[TimeControl "600+2"]

1. e4 e6 2. d4 d5 3. Nd2 c5 4. exd5 Qxd5 5. dxc5 Nf6 6. Ngf3 Qxc5 7. Bd3 Qc7 8. O-O Nbd7 9. b3 b6 10. Bb2 Bb7 11. Qe2 Be7 12. Ne5 Nxe5 13. Bxe5 Bd6 14. f4 h5 15. Nc4 Bc5+ 16. Kh1 Qc6 17. Nd6+ Ke7 18. Nxb7 Qxb7 19. Bxf6+ gxf6 20. Be4 Qc8 21. Bxa8 Qxa8 22. Rad1 Qb7 23. Rd3 Qc7 24. f5 h4 25. fxe6 fxe6 26. Qg4 Kf7 27. Rxf6+ Kxf6 28. Rf3+ 1-0

[Event "CCT Airthings Masters Play-In 2023"]
[Site "Online"]
[Date "2023.02.03"]
[Round "3"]
[White "Sadhwani, Raunak"]
[Black "Indianlad"]
[Result "1/2-1/2"]
[ECO "D00"]
[WhiteElo "2627"]
[BlackElo "2555"]
[Annotator "TA"]
[PlyCount "117"]
[EventDate "2023.02.03"]
[EventType "swiss"]
[EventCountry "NET"]
[SourceTitle "playchess.com"]
[Source "ChessBase"]
[SourceQuality "1"]
[TimeControl "600+2"]

1. d4 Nf6 2. Nc3 d5 3. Bf4 a6 4. e3 e6 5. g4 c5 6. g5 {[%emt 0:00:02] D00: 1 d4 d5: Unusual lines.} Nfd7 7. Nf3 b5 8. h4 Bb7 9. h5 Nc6 10. a3 Be7 {[%emt 0:00:51] [#]} 11. Rg1 $146 ({Predecessor:} 11. Bh3 g6 12. Bxe6 fxe6 13. hxg6 Qb6 14. gxh7 O-O-O 15. g6 Bf6 16. Bg5 cxd4 17. Bxf6 Nxf6 18. exd4 {1-0 Besedes,D (2314)-Aldokhin,I (2413) Titled Tuesday intern op 06th Sep Late blitz 2022 (4)}) 11... Qb6 12. dxc5 Nxc5 13. Nd4 g6 ({Black should try} 13... b4 $11 14. axb4 Qxb4) 14. Nxc6 $14 Bxc6 15. Qd4 Rf8 16. Be5 Nd7 17. Qxb6 Nxb6 18. Bd4 {[%emt 0:00:00] Prevents gxh5} Nc4 19. Bxc4 dxc4 20. hxg6 hxg6 21. Ke2 O-O-O 22. Rg4 Kb7 23. f3 a5 24. Rh1 b4 25. axb4 axb4 26. Ne4 Bxe4 27. Rxe4 Bxg5 28. Bg7 Rg8 29. Be5 Rd5 30. f4 Be7 31. Rh7 Rf8 32. Rxc4 Rd7 {[%emt 0:00:02] Dodges Rc7+} 33. Re4 Kc6 {[%emt 0:00:16] The position is equal.} 34. Bg7 Ra8 35. Bd4 Bd6 {[%emt 0:00:01] [#] Hoping for ...f5.} 36. Bf6 Bc5 37. Rc4 {[%emt 0:00:17] next Bd4 is good for White.} Kb5 38. b3 Rc8 39. Kf3 Rc6 40. Rh8 Bb6 41. Rxc6 Kxc6 $11 {[%emt 0:00:00][%mdl 4096] Endgame KRB-KRB} 42. Ke2 Kb5 43. Rb8 {[%emt 0:00:02] aiming for Bd4.} Kc6 44. Rc8+ Kb5 45. Be5 Bc5 46. Rb8+ Kc6 47. Rc8+ Kb5 48. Kf3 Rd2 49. Rc7 f5 50. Rg7 Rxc2 51. Rxg6 Rd2 52. Rxe6 Rd3 53. Bf6 Rxb3 54. Re5 Kc4 55. Rxf5 Rxe3+ 56. Kg4 b3 57. Rh5 Bd4 58. Bxd4 Kxd4 59. Rh1 {[%emt 0:00:01] Weighted Error Value: White=0.04 (flawless) /Black=0.06 (flawless)} 1/2-1/2

[Event "CCT Airthings Masters Play-In 2023"]
[Site "Online"]
[Date "2023.02.03"]
[Round "3"]
[White "NikoTheodorou"]
[Black "Dedic8"]
[Result "1-0"]
[ECO "E06"]
[WhiteElo "2626"]
[BlackElo "2496"]
[Annotator "TA"]
[PlyCount "65"]
[EventDate "2023.02.03"]
[EventType "swiss"]
[EventCountry "NET"]
[SourceTitle "playchess.com"]
[Source "ChessBase"]
[SourceQuality "1"]
[TimeControl "600+2"]

1. d4 Nf6 2. c4 e6 3. Nf3 d5 4. g3 Bb4+ 5. Bd2 Be7 6. Bg2 O-O 7. O-O c6 8. Qc2 b6 9. Bf4 Bb7 10. Nbd2 Nh5 {[%emt 0:00:11] E06: Closed Catalan: Early deviations.} 11. Be5 $5 {[%emt 0:00:48][%mdl 4] 11.e3 is the modern continuation. A promising side line.} Nd7 12. e4 {[%emt 0:00:19] [#]} Nxe5 $146 {[%emt 0:03:54] The position is equal.} ({Predecessor:} 12... g5 13. cxd5 cxd5 14. Bc7 Qe8 15. Rac1 Rc8 16. Qd3 f6 17. Qe3 Ng7 18. Rfe1 Qf7 {½-½ Lysyj,I (2603)-Petrov,N (2539) RUS-ch Rapid 2021 (9)}) 13. Nxe5 Nf6 14. Rfd1 dxc4 15. Ndxc4 Qc7 16. a3 c5 17. d5 {[%emt 0:01:11] [#] Threatens to win with d6.} exd5 (17... Rad8 $11 {keeps the balance.}) 18. exd5 $16 Bd6 19. Nc6 {[%emt 0:00:23] White has more active pieces. The black rooks are badly placed.} Rfe8 20. Rac1 h6 21. b4 cxb4 22. axb4 b5 $2 {[%emt 0:00:33] Black cannot hold the game after this.} (22... Bc8 $16) 23. Nxd6 $18 Qxd6 24. Qc5 Qxc5 25. Rxc5 Ne4 26. d6 {[%emt 0:01:10][%cal Bd5d6,Bd6d7][%mdl 32] Strongly threatening Bxe4.} ({And not} 26. Rxb5 Bxc6 27. dxc6 Nc3 $11) 26... Nxc5 (26... Bxc6 $142 27. Rxc6 f5) 27. bxc5 {[%emt 0:00:01] And now Ne7+ would win.} Kf8 28. d7 {[%emt 0:00:22] Wards off Rac8} Red8 (28... g6 $18 29. dxe8=B (29. d8=B $2 {is the wrong capture.} Bxc6 30. Ba5 Bxg2 $19) 29... Kxe8) 29. Nxd8 {[%emt 0:00:04][%mdl 64] [#] Discovered Attack. White mates.} Bxg2 30. Kxg2 Rxd8 31. c6 Ke7 32. c7 Rxd7 33. Re1+ {[%emt 0:00:01] Weighted Error Value: White=0.06 (flawless) /Black=0.61} (33. c8=B $2 {loses.} Rxd1 34. Ba6 b4 $19) 1-0

[Event "CCT Airthings Masters Play-In 2023"]
[Site "Online"]
[Date "2023.02.03"]
[Round "3"]
[White "OparinGrigoriy"]
[Black "Anonymous"]
[Result "1-0"]
[ECO "E11"]
[WhiteElo "2626"]
[BlackElo "2495"]
[Annotator "TA"]
[PlyCount "91"]
[EventDate "2023.02.03"]
[EventType "swiss"]
[EventCountry "NET"]
[SourceTitle "playchess.com"]
[Source "ChessBase"]
[SourceQuality "1"]
[TimeControl "600+2"]

1. d4 Nf6 2. c4 e6 3. Nf3 d5 4. g3 Bb4+ 5. Bd2 a5 6. Bg2 O-O 7. Qc2 c5 {[%emt 0:00:04] E11: Bogo-Indian.} 8. cxd5 $1 {[%emt 0:00:08] 8.cxd5 is better than 8.dxc5.} cxd4 9. Nxd4 Qb6 {[%emt 0:00:02] White is slightly better.} 10. e3 exd5 11. O-O Nc6 12. Nxc6 bxc6 13. Rc1 Rb8 14. Bxb4 (14. Qxc6 Qxc6 15. Rxc6 Bxd2 16. Nxd2 Rxb2 $11) 14... Qxb4 15. b3 h5 16. Nd2 (16. Qxc6 Bf5 17. Qa4 (17. Bxd5 $2 Rbc8 $19) 17... Rfc8 $15) 16... h4 (16... Bd7 $11 {remains equal.}) 17. a3 Qg4 18. h3 $36 {[%emt 0:00:02][%mdl 2048] [#] White is pushing.} Qg5 $146 (18... Qe6 $14) ({Predecessor:} 18... Qd7 19. g4 d4 20. exd4 Qxd4 21. Nf3 Qf4 22. Qd2 Nd5 23. Rxc6 Qxd2 24. Nxd2 Nf4 {0-1 Alonso Rosell,A (2564)-Gukesh,D (2726) ESP-chT Rapid 2022 (5)}) 19. Nf3 $16 (19. Qxc6 hxg3 20. Qd6 (20. f4 $2 Qh6 $19) 20... gxf2+ 21. Kxf2 Bd7 $17) 19... Qh5 {[%emt 0:00:10] [#] ...hxg3 is the strong threat.} 20. Nxh4 ({White should play} 20. g4 $16 Nxg4 21. hxg4 Bxg4 22. Nd4) 20... g5 $2 (20... Bd7 $14) 21. Nf5 $18 (21. Qxc6 Kg7 $16) 21... g4 22. hxg4 (22. Qxc6 $2 Qxf5 23. h4 Rxb3 $19) (22. Ne7+ $142 Kg7 23. h4 (23. Nxc6 gxh3 24. f3 hxg2 $17) (23. Qxc6 a4 $18)) 22... Nxg4 23. Nh4 Be6 24. Qxc6 ({Better is} 24. Qc3) 24... Rxb3 $16 25. Qa4 Rb2 (25... Rfb8 $142) 26. Bf3 (26. Qxa5 Nxf2 27. Rcb1 Rc2 $15) 26... Qg5 27. Bxg4 (27. Qxa5 $2 Nxf2 28. Rab1 Qxg3+ 29. Kf1 Ra2 $19) 27... Bxg4 (27... Qxg4 $16 28. Qxg4+ (28. Qxa5 Rfb8 $16) 28... Bxg4) 28. Rab1 $18 ({Resist} 28. Qxa5 Qf6 29. Qe1 (29. Qxd5 $2 {is a self mate.} Qxf2+ 30. Kh1 Qh2#) 29... Re2 $16) 28... Rxb1 29. Rxb1 Rc8 30. Qxa5 Qf6 31. Qb4 Be6 32. Qf4 Qc3 (32... Qxf4 33. gxf4 Kg7) 33. a4 {[%emt 0:00:19] [#] Black must now prevent Nf5.} Qc2 34. Rb8 ({Less strong is} 34. Qg5+ Kh7 35. Qh5+ Kg8 $18) 34... Rxb8 35. Qxb8+ {[%emt 0:00:01][%mdl 4096] Endgame KQB-KQN} Kh7 36. Qf4 Kg8 37. Nf3 Qd1+ (37... Qb1+ $142 38. Kg2 Bf5 39. Qg5+ Kf8 40. Qd8+ Kg7 41. Qxd5 Be4) 38. Kg2 d4 39. Qxd4 Qb3 40. Ng5 Qb7+ 41. e4 Bd7 42. a5 {[%emt 0:00:06][%cal Oa5a6] And now a6! would win.} Bc6 43. Qe5 {[%emt 0:00:10] Hoping for Qf5.} Qb4 44. Qf5 Qe7 45. a6 (45. Qh7+ $142 Kf8 46. Qh8#) 45... f6 46. Qg6+ {[%emt 0:00:01] Weighted Error Value: White=0.29 (precise) /Black=0.41} 1-0

[Event "CCT Airthings Masters Play-In 2023"]
[Site "Online"]
[Date "2023.02.03"]
[Round "3"]
[White "chesspanda123"]
[Black "OldweakGM"]
[Result "1-0"]
[ECO "A07"]
[WhiteElo "2625"]
[BlackElo "2435"]
[Annotator "NA"]
[PlyCount "101"]
[EventDate "2023.02.03"]
[EventType "swiss"]
[EventCountry "NET"]
[SourceTitle "playchess.com"]
[Source "ChessBase"]
[SourceQuality "1"]
[TimeControl "600+2"]

1. Nf3 d5 2. g3 Nf6 3. Bg2 c6 4. O-O Bf5 5. d3 e6 6. Nh4 Bg4 7. h3 Bh5 8. Qe1 Nfd7 9. f4 Be7 10. Nf3 Bxf3 11. Bxf3 O-O 12. e4 Na6 13. Nc3 Bf6 14. e5 Be7 15. Ne2 Nb4 16. Qd1 c5 17. c3 Nc6 18. Be3 Rc8 19. Kg2 Kh8 20. h4 f6 21. d4 cxd4 22. Nxd4 Nxd4 23. cxd4 f5 24. h5 Nb8 25. g4 Qb6 26. gxf5 Rxf5 27. Bg4 Rff8 28. Qb3 Qa6 29. Rf2 Nc6 30. Be2 Qa5 31. Qxb7 Bh4 32. Rf3 Ne7 33. Qa6 Qb4 34. Qb5 Qxb5 35. Bxb5 Nf5 36. Bg1 Rc2+ 37. Kh3 Rxb2 38. Bd7 Rb6 39. Rb3 Ra6 40. Rc1 Kg8 41. Bc8 Rxc8 42. Rxc8+ Kf7 43. Rc2 Bd8 44. Rb7+ Be7 45. Kg4 Ra3 46. Rb3 Ra4 47. Bf2 Bd8 48. Rb7+ Be7 49. Rcc7 Ra3 50. Rxe7+ Kf8 51. Rf7+ 1-0

[Event "CCT Airthings Masters Play-In 2023"]
[Site "Online"]
[Date "2023.02.03"]
[Round "3"]
[White "BilodeauA"]
[Black "Duda, Jan-Krzysztof"]
[Result "1-0"]
[ECO "D00"]
[WhiteElo "2619"]
[BlackElo "2729"]
[Annotator "TA"]
[PlyCount "69"]
[EventDate "2023.02.03"]
[EventType "swiss"]
[EventCountry "NET"]
[SourceTitle "playchess.com"]
[Source "ChessBase"]
[SourceQuality "1"]
[TimeControl "600+2"]

1. d4 Nf6 2. Nc3 d5 3. Bf4 a6 4. e3 e6 5. g4 h6 6. Bg2 {[%emt 0:01:21] D00: 1 d4 d5: Unusual lines.} c5 7. h4 cxd4 8. exd4 {[%emt 0:00:00] [#] The position is equal.} g6 $146 (8... Nc6 $142) ({Predecessor:} 8... Nc6 9. g5 hxg5 10. hxg5 Rxh1 11. Bxh1 Ng8 12. Qd2 b5 13. O-O-O b4 14. Nce2 a5 {1-0 Madaminov,M (2404)-Suleymanli,A (2537) Titled Tuesday intern op 14th Jun Early blitz 2022 (4)}) 9. Qf3 b5 10. a3 Bb7 11. Nge2 Nc6 12. Rd1 h5 13. g5 Nd7 14. O-O Bg7 15. Bd6 {[%emt 0:00:55][%cal Oc3d5] Hoping for Nxd5!} Ne7 16. Rfe1 Nb6 17. Bc5 O-O 18. Bh3 Nd7 19. Bb4 Re8 $1 20. Nf4 {[%emt 0:00:21][%cal Of4e6] Strongly threatening Nxe6!} Nf8 (20... Nc6 $5 21. Nxe6 fxe6 22. Rxe6 Nf8 23. Bxf8 (23. Rxe8 Qxe8 24. Bc5 Rd8 $17) 23... Rxf8 $11) 21. Bc5 Qc7 22. b4 Rad8 23. Qg3 Rc8 (23... Qc6 $11) 24. Rd3 (24. a4 $14 {is superior.}) 24... Kh7 (24... Qb8 $11) 25. Qf3 Nd7 {[%emt 0:00:23] [#]} ({Black should play} 25... Rcd8 $14) 26. Nxh5 $2 gxh5 $11 27. Qxf7 $40 {[%emt 0:00:01][%mdl 128] White attacks.} (27. Rxe6 $5 Ng6 $8 28. Rde3 (28. Nxd5 $2 Bxd5 29. Qxh5+ Kg8 $19) (28. Qxf7 Rxe6 29. Qxe6 Nxc5 $11) (28. Qxh5+ Kg8 $11) 28... fxe6 29. Qxh5+ Kg8 30. Qxg6 Nxc5 31. bxc5 $11) 27... Nxc5 $4 (27... Ng6 $11 28. Rxe6 (28. Bf5 Ndf8 $15) 28... Rxe6 29. Qxe6 Nxc5 30. dxc5 Rf8) 28. Rxe6 ({Worse is} 28. bxc5 Ng6 29. Qf3 Nf4 30. Bxe6 Nxe6 $17) 28... Kh8 29. bxc5 Rf8 30. Qxh5+ Kg8 31. g6 Rf4 32. Rde3 {[%emt 0:00:06] White mates.} Nc6 33. Re8+ Rxe8 34. Rxe8+ Bf8 35. Be6+ {[%emt 0:00:04] Beautiful play by BilodeauA!   Weighted Error Value: White=0.18 (very precise) /Black=0.36} 1-0

[Event "CCT Airthings Masters Play-In 2023"]
[Site "Online"]
[Date "2023.02.03"]
[Round "3"]
[White "Fier, Alexandr"]
[Black "viviania"]
[Result "1-0"]
[ECO "C55"]
[WhiteElo "2606"]
[BlackElo "2570"]
[Annotator "TA"]
[PlyCount "91"]
[EventDate "2023.02.03"]
[EventType "swiss"]
[EventCountry "NET"]
[SourceTitle "playchess.com"]
[Source "ChessBase"]
[SourceQuality "1"]
[TimeControl "600+2"]

1. e4 e5 2. Nf3 Nc6 3. Bc4 Nf6 4. d3 Be7 5. O-O O-O 6. a4 d6 7. Nc3 h6 8. h3 Re8 {[%emt 0:00:01] C55: Two Knights: 4 d3, 4 d4 exd4 5 e5 and Max Lange Attack.} 9. a5 a6 {[%emt 0:00:02] [#]} 10. Nd5 $146 ({Predecessor:} 10. Bd2 Bf8 11. Nd5 Nxd5 12. Bxd5 Ne7 13. Bb3 Ng6 14. Re1 Qf6 15. Nh2 Be6 16. Ng4 {1-0 Tari,A (2646)-Kociscak,J (2484) CZE-chT 2122 2021 (14.2)}) 10... Bf8 {[%emt 0:00:07] The position is equal.} (10... Nxd5 {looks sharper.} 11. Bxd5 Nxa5 12. Rxa5 c6) 11. c3 Nxd5 12. Bxd5 Be6 (12... Nxa5 $5 13. Rxa5 c6 14. Bxf7+ {[%mdl 64] Decoy} Kxf7 15. Qb3+ Kg6 $11) 13. Bxe6 Rxe6 14. b4 d5 15. Rb1 dxe4 16. dxe4 Qxd1 17. Rxd1 Rd6 18. Rxd6 Bxd6 19. Nd2 f6 20. Nc4 Kf7 21. Be3 Ke6 22. f3 Be7 23. Kf2 Nd8 24. Ke2 Nf7 25. g4 Nd6 ({Black should play} 25... h5 $11) 26. Nd2 (26. Nxd6 $14 Kxd6 27. h4) 26... Rh8 $11 27. Nb3 Nb5 28. Rc1 h5 29. c4 Nd6 30. Nc5+ Kf7 31. Kf1 hxg4 32. hxg4 Ra8 33. Ke2 Bf8 34. Kd3 Be7 35. Rh1 Rd8 36. Kc3 Ra8 37. Kb3 b6 38. axb6 cxb6 39. Nd7 b5 40. c5 Nc4 {[%emt 0:00:01] Black cannot hold the game after this.} (40... Rd8 $1 $14 41. Nb6 (41. cxd6 Rxd7 42. Bc5 Bxd6 $11) 41... Nxe4) 41. Nb6 $18 Nxb6 42. cxb6 {[%emt 0:00:00] [#] Strongly threatening Rc1.} Ke6 43. Rc1 {[%emt 0:00:16] Rc6+ is the strong threat.} Bd6 44. Bc5 Rb8 $2 (44... Rh8 45. Rd1 Bb8) 45. Rd1 Be7 46. Ra1 {[%emt 0:00:02] Weighted Error Value: White=0.07 (flawless) /Black=0.21 (precise)} 1-0

[Event "CCT Airthings Masters Play-In 2023"]
[Site "Online"]
[Date "2023.02.03"]
[Round "3"]
[White "LastGladiator1"]
[Black "VladimirKramnik"]
[Result "0-1"]
[ECO "A13"]
[WhiteElo "2606"]
[BlackElo "2750"]
[Annotator "TA"]
[PlyCount "86"]
[EventDate "2023.02.03"]
[EventType "swiss"]
[EventCountry "NET"]
[SourceTitle "playchess.com"]
[Source "ChessBase"]
[SourceQuality "1"]
[TimeControl "600+2"]

1. c4 e6 2. Nc3 Bb4 3. e4 c5 4. a3 Ba5 {[%emt 0:00:04] [#]} 5. f4 $146 ({Predecessor:} 5. b4 cxb4 6. Nb5 Nc6 7. Bb2 Nf6 8. e5 Ng8 9. Nf3 f5 10. Be2 Nh6 11. Nd6+ Kf8 12. O-O Nf7 13. d4 Nxd6 14. exd6 bxa3 15. Rxa3 Bb4 16. Rd3 Bxd6 17. d5 {1-0 Belz,B-Faust,D Rangliste 1800-2100 19244 2015}) 5... Nc6 6. Nf3 {[%emt 0:00:05] A13: English Opening: 1...e6.} Nge7 7. g3 d5 8. Bg2 {[%emt 0:00:06] Black is slightly better.} dxc4 9. Qa4 O-O {[%emt 0:00:56][%cal Oe6e5] White must now prevent ...e5!} 10. Qxc4 b5 {[%emt 0:00:06][%mdl 64] Deflection} 11. Qxb5 Nd4 (11... Rb8 $1 $15 12. Qc4 (12. Qxc5 Bb6 $11) 12... Bc7) 12. Nxd4 $11 (12. Qxc5 $2 Nc2+ 13. Kd1 Nxa1 $19) 12... cxd4 13. Ne2 (13. Nd1 $11 {remains equal.}) 13... d3 $1 $17 {[%emt 0:00:07][%mdl 1024] ...a6 is the strong threat. Black has strong compensation.} 14. Nc3 Bb6 15. b3 ({Better is} 15. Bf1) 15... a5 (15... Qd4 $6 16. Rf1 $14) 16. Bb2 Ba6 17. Qa4 (17. Qh5 $142) 17... Rc8 18. b4 Bc4 19. bxa5 Ba7 (19... Bxa5 $6 20. Nd1 $11) 20. Rc1 Ba6 {[%emt 0:00:23] Threatens to win with ...Rc4.} (20... Qd4 21. Nd1 Qc5 22. Bf3 $16) 21. Bf3 $2 (21. Nd1 $17 {was the only defense.}) 21... Ng6 22. Na2 Rxc1+ 23. Nxc1 {[%emt 0:00:01] [#]} (23. Bxc1 Nxf4 24. Bb2 (24. gxf4 $2 Qh4+ 25. Kd1 Qh3 $19) 24... Ne2 $17) 23... Nxf4 24. Qc6 (24. gxf4 $2 Qh4+ 25. Kd1 Qh3 $19) 24... Qb8 $1 25. Qxa6 Qxb2 26. Qc4 {[%emt 0:00:06] [#] White is weak on the dark squares} Be3 {[%emt 0:00:49][%mdl 576] Promotion. Dancing on a razor blade.} 27. Nb3 Qb1+ 28. Nc1 Ng6 $1 $40 {[%emt 0:00:52][%mdl 128] ...Ne5 would be deadly. Black wants a kill. Black has more active pieces. The white rooks are badly placed.} 29. Bd1 {[%emt 0:00:56] [#]} (29. dxe3 $2 {too greedy.} Ne5 30. Qc3 d2+ 31. Ke2 (31. Kxd2 $2 Nxf3+ 32. Ke2 Qxe4 $19) (31. Kf2 $2 dxc1=R 32. Rxc1 Nd3+ 33. Kg2 Nxc1 $19) 31... dxc1=B 32. Rxc1 Qb5+ 33. Kf2 Nd3+ 34. Kg2 Nxc1 35. Qxc1 Qxa5 $19) (29. Qc3 $17 {was necessary.} Ne7 30. Bd1 (30. dxe3 $2 Rc8 $19)) 29... Qb2 $2 30. Nb3 (30. dxe3 d2+ 31. Kf1 dxc1=Q 32. Qxc1 Qxc1 33. Kf2 Rd8 34. Rf1 Rxd1 35. Rxd1 Qxd1 36. a6 Ne5 37. a7 Ng4+ 38. Kg2 h5 39. a8=Q+ Kh7 40. Qa6 Qd2+) 30... Ne5 31. Qc3 ({Reject} 31. Qc1 Qxc1 32. Nxc1 Bc5 $17) (31. Qc7 $11 {and White is okay.}) 31... Qxc3 $19 (31... Qxa3 $2 32. Qxe5 Ba7 33. Qc3 $18) 32. dxc3 Rc8 33. Rf1 $2 (33. a6 {keeps fighting.}) 33... Rxc3 34. Rf4 g5 {[%emt 0:00:06] Black is clearly winning.} 35. Rf1 Kg7 36. h4 h6 37. hxg5 hxg5 38. Rh1 g4 {[%emt 0:00:09][%cal Oc3c1] Strongly threatening ...Rc1!} 39. Kf1 Nc4 40. Kg2 Ba7 41. Kh2 Ne3 42. Nd2 Rxa3 {[%emt 0:00:02] ( -> ...Ra2)} 43. Bb3 {[%emt 0:00:02] Prevents Ra2} Rxa5 {[%emt 0:00:02] A cool game by VladimirKramnik.   Weighted Error Value: White=0.61/Black=0.25 (precise)} 0-1

[Event "CCT Airthings Masters Play-In 2023"]
[Site "Online"]
[Date "2023.02.03"]
[Round "3"]
[White "GMBenjaminBok"]
[Black "Aygehovit"]
[Result "0-1"]
[ECO "B06"]
[WhiteElo "2605"]
[BlackElo "2428"]
[Annotator "TA"]
[PlyCount "100"]
[EventDate "2023.02.03"]
[EventType "swiss"]
[EventCountry "NET"]
[SourceTitle "playchess.com"]
[Source "ChessBase"]
[SourceQuality "1"]
[TimeControl "600+2"]

1. d4 d6 2. Nf3 g6 3. e4 Bg7 4. Be3 Nc6 5. Nc3 Bg4 6. Bb5 a6 7. Bxc6+ bxc6 8. h3 {[%emt 0:00:01] B06: Modern Defence.} Bd7 9. Qd2 Qb8 {[%emt 0:00:06] [#]} 10. O-O-O $146 ({White should play} 10. O-O $16) ({Predecessor:} 10. O-O Nf6 11. b3 h6 12. Rad1 Qc8 13. Rfe1 g5 14. Nh2 Qb7 15. Nf1 Nh5 16. Ne2 {1-0 Hartl,H (2459)-Degterev,P (2242) LSS CP-2006-S-00001 2009}) 10... a5 11. e5 a4 {[%emt 0:00:05] Black is weak on the dark squares} 12. Rhe1 Qb4 13. a3 Qc4 (13... Qb7 $142) 14. Bf4 $16 d5 {[%emt 0:00:41] [#]} 15. Qe3 (15. e6 $142 $1 fxe6 16. g4 (16. Bxc7 c5 $16)) 15... e6 16. Qe2 Qxe2 17. Rxe2 Ne7 18. Ne1 Nc8 19. Nd3 Nb6 20. Bg5 Bf8 21. Bf6 Rg8 22. g4 Bc8 23. Ree1 Ba6 24. Nc5 Bb5 25. Re3 (25. Bg5 $11) 25... Bxc5 (25... h6 $15 {deserves consideration.}) 26. dxc5 $11 Nd7 27. b4 (27. Rd4 $11) 27... axb3 $17 {[%emt 0:00:10][%mdl 64] [#] Discovered Attack} 28. cxb3 Rxa3 29. Kb2 {[%emt 0:00:03] Against Ra1} Ra6 30. b4 $2 (30. Bg5 $17) 30... Nxf6 31. exf6 Kd7 32. g5 Rb8 {[%emt 0:00:13] ...Bc4 would be deadly.} 33. Ree1 $2 (33. Nxb5 cxb5 34. Re4) 33... Bc4 $19 34. Ra1 Rxb4+ 35. Kc2 d4 36. Rxa6 Bxa6 {[%emt 0:00:00][%mdl 4096] Endgame KRB-KRN} 37. Ra1 (37. Ne4 $142 e5 38. Nd2) 37... Rc4 {[%emt 0:00:12][%mdl 64] Pin, Double Attack} 38. Rxa6 Rxc3+ {[%emt 0:00:01] KR-KR} 39. Kd2 Rxc5 40. f4 e5 41. fxe5 Rxe5 42. h4 Re4 43. Ra8 Rxh4 44. Rf8 Ke6 {[%emt 0:00:00] Threatens to win with ...c5.} 45. Re8+ Kf5 46. Re7 Kxg5 {[%emt 0:00:01] White must now prevent ...Rg4.} 47. Rxf7 h5 {[%emt 0:00:01] Strongly threatening ...Rf4.} 48. Rxc7 Kxf6 49. Rxc6+ Kg5 {[%emt 0:00:01] aiming for ...Rf4.} 50. Rd6 Rf4 {[%emt 0:00:03] Never resign too early!   Weighted Error Value: White=0.63/Black=0.13 (very precise)} 0-1

[Event "CCT Airthings Masters Play-In 2023"]
[Site "Online"]
[Date "2023.02.03"]
[Round "3"]
[White "Msb2"]
[Black "Andreikin, Dmitry"]
[Result "0-1"]
[ECO "D31"]
[WhiteElo "2601"]
[BlackElo "2729"]
[Annotator "TA"]
[PlyCount "128"]
[EventDate "2023.02.03"]
[EventType "swiss"]
[EventCountry "NET"]
[SourceTitle "playchess.com"]
[Source "ChessBase"]
[SourceQuality "1"]
[TimeControl "600+2"]

1. d4 d5 2. c4 e6 3. Nc3 a6 4. cxd5 exd5 5. a3 c6 6. Bf4 {[%emt 0:00:07] D31: Queen's Gambit Declined: Semi-Slav without ...Nf6 (+ Marshall Gambit and Noteboom) and Exchange Variation lines without ...Nf6.} Bd6 {[%emt 0:00:02] [#]} 7. Bxd6 $146 ({Predecessor:} 7. Bg3 Ne7 8. e3 Bf5 9. Bd3 O-O 10. Nge2 Re8 11. Qc2 Bxd3 12. Qxd3 Ng6 13. Rc1 {½-½ Sidler,R (1695)-Alic,M (2030) Lugano op 21st 2022 (2)}) 7... Qxd6 8. e3 {[%emt 0:00:00] The position is equal.} Ne7 9. Bd3 Bf5 10. Nge2 Nd7 11. O-O O-O 12. Ng3 Bg6 13. Rc1 Nb6 14. Qe2 a5 15. Rfd1 a4 16. e4 dxe4 17. Ncxe4 Qc7 18. Nc5 Ned5 19. Qf3 Bxd3 20. Qxd3 Rfe8 21. Qc2 g6 22. Nge4 Re7 23. Nc3 Nxc3 24. bxc3 Nc4 25. Nxa4 {[%emt 0:00:12] [#]} Rae8 $1 {[%emt 0:00:37] White must now prevent ...Re2. Black has more active pieces.} 26. g3 {[%emt 0:00:55] This costs White the game.} (26. Qd3 $17 b5 27. Rf1 (27. Nc5 $2 Nb2 $19)) 26... Re2 $19 {[%emt 0:00:16][%mdl 1024] Black has strong compensation.} (26... Nxa3 27. Qb3 Nb5 28. c4 $11) 27. Qb1 {[%emt 0:00:28] White is weak on the light squares} (27. Qd3 {only move.} b5 28. Nc5) 27... Qe7 {[%emt 0:00:30] ...Qf6 would be deadly.} (27... Nxa3 28. Qd3 $11) 28. Rc2 Qf6 (28... Nxa3 29. Rxe2 Qxe2 30. Qd3 $11) (28... Qxa3 29. Nc5 $11) 29. Rf1 Qf3 ({Inferior is} 29... Nxa3 30. Rxe2 (30. Qxb7 Nxc2 31. Nc5 Qf3 32. Qd7 Re1 33. Qh3 R8e2) 30... Rxe2 31. Qxb7 $11) 30. Rxe2 Rxe2 ({And not} 30... Qxe2 31. Qd1 $11) 31. Qxb7 {[%emt 0:00:19] [#]} Ne3 $1 32. Qb8+ (32. fxe3 $2 Qg2#) 32... Kg7 33. Qe5+ Kh6 34. Qxe3+ (34. Qf4+ $142 Qxf4 35. gxf4 Nxf1 36. Kxf1) 34... Rxe3 35. fxe3 Qxe3+ {[%emt 0:00:00][%mdl 4096] Endgame KQ-KRN} 36. Kg2 f5 {[%emt 0:00:07] And now ...Qe4+ would win.} 37. Rf2 Qe4+ 38. Kg1 Qb1+ 39. Kg2 Qb3 {[%emt 0:00:05][%csl LRa3,LRa4][%mdl 64] Deflection} 40. Nc5 Qxc3 41. Rf4 Qxa3 42. h4 Qa2+ 43. Kh3 Qb1 {[%emt 0:00:04][%cal Rb1h1] Inhibits Nd3.} 44. Kh2 {[%emt 0:00:01] Prevents Qh1+.} Qc2+ 45. Kh3 Qd1 46. Kh2 {[%emt 0:00:00] Repels Qh1+} Qe2+ 47. Kh3 Kg7 {[%emt 0:00:03] Threatens to win with ...Kh6.} 48. Nd7 h6 49. Nc5 Qd1 50. Kg2 {[%emt 0:00:04] Against Qh1+} Qc2+ 51. Rf2 Qc4 {[%emt 0:00:04] aiming for ...Qd5+.} 52. Rf4 (52. Rf3 $142) 52... Qd5+ 53. Kh2 g5 54. hxg5 hxg5 55. Rf2 Kg6 (55... Qxd4 56. Ne6+ (56. Rxf5 $2 {is the wrong capture.} Qd2+ 57. Kh3 Qe3 $19) 56... Kg6 57. Nxd4 $18) 56. Rd2 Kh5 57. Nd3 Qf3 {[%emt 0:00:09] ( -> ...Qe3)} (57... Qxd4 $2 58. Nf4+ $18) 58. Ne5 Qe3 59. g4+ fxg4 {[%emt 0:00:07] Black mates.} 60. Rg2 Qxd4 61. Nxc6 Qd6+ 62. Ne5 Qxe5+ 63. Rg3 Kh4 64. Kh1 Kxg3 {[%emt 0:00:01] Weighted Error Value: White=0.75/Black=0.13 (very precise)} 0-1